 Dungeon Crawl Stone Soup version 0.31.0-9-g3a7656b989 (webtiles) character file.

Game seed: 5224823732744313831

384 qw the Ducker (level 6, -1/32 HPs)
             Began as a Spriggan Hunter on Feb 2, 2024.
             Incinerated by a bombardier beetle (3 damage)
             ... with a burning spray
             ... on level 3 of the Dungeon.
             The game lasted 00:00:06 (2034 turns).

qw the Ducker (Spriggan Hunter)                     Turns: 2034, Time: 00:00:07

Health: -1/32      AC:  2    Str:  7    XL:     6   Next: 47%
Magic:  7/7        EV: 21    Int: 10    God:
Gold:   103        SH:  0    Dex: 21    Spells: 5/5 levels left

rFire   . . .        a - +0 shortbow
rCold   . . .        (shield currently unavailable)
rNeg    . . .        c - +0 robe
rPois   .            (helmet restricted)
rElec   .            (no cloak)
rCorr   .            (gloves unavailable)
SInv    +            (boots unavailable)
Will    +....        (no amulet)
Stlth   +            (no ring)
HPRegen 0.25/turn    (no ring)
MPRegen 0.10/turn

%: no passive effects
@: on fire, glowing, very quick
A: very small, no large weapons, unfitting armour, see invisible, speed 3
a: no special abilities


You were on level 3 of the Dungeon.
You visited 1 branch of the dungeon, and saw 3 of its levels.

You collected 103 gold pieces.


Innate Abilities, Weirdness & Mutations

You are very small and have problems with some larger weapons.
You are too small for most types of armour.
You have supernaturally acute eyesight. (SInv)
You cover ground extremely quickly. (Speed+++)


   Skills:
 - Level 3.5 Fighting
 + Level 5.5 Ranged Weapons
 - Level 5.8 Dodging
 - Level 1.5 Stealth


You had 5 spell levels left.
You didn't know any spells.
Your spell library was empty.

Inventory:

Hand Weapons
 a - a +0 shortbow (weapon)
Armour
 c - a +0 robe (worn)
Scrolls
 b - a scroll of fog {unknown}
 f - a scroll of noise {unknown}
 h - a scroll of teleportation {unknown}
 i - 2 scrolls of identify
 j - a scroll of blinking {unknown}
Potions
 d - a potion of curing {unknown}
 e - a potion of heal wounds
 g - a potion of berserk rage {unknown}

Dungeon Overview and Level Annotations

Branches:
Dungeon (3/15)

Altars:

Shops:
D:3 :


Message History

You shoot an arrow. The arrow barely misses Jessica.
Jessica hits you but does no damage.
You shoot an arrow. The arrow hits Jessica.
Jessica is almost dead.
Jessica completely misses you.
You shoot an arrow. The arrow barely misses Jessica.
Jessica barely misses you. Jessica closely misses you.
You shoot an arrow. The arrow hits Jessica.
You kill Jessica!
A bombardier beetle comes into view.
Things that are here:
a +0 dagger; a +0 robe You shoot an arrow.
The arrow hits the bombardier beetle.
The bombardier beetle is moderately wounded.
You shoot an arrow.
The arrow barely misses the bombardier beetle.
You shoot an arrow. The arrow hits the bombardier beetle.
The bombardier beetle is moderately wounded.
The bombardier beetle sprays incendiary fluid at you.
The burning spray hits you.
You are covered in liquid fire!
You shoot an arrow. The arrow hits the bombardier beetle!
The bombardier beetle is almost dead.
The liquid fire burns you!
You shoot an arrow. The arrow hits the bombardier beetle.
You kill the bombardier beetle!
The liquid fire burns you!
You are on fire!
The liquid fire burns you!
You are on fire!
The liquid fire burns you!
You are on fire!
The liquid fire burns you!
You are on fire!
The liquid fire burns you!
You are on fire!
The liquid fire burns you!
You are on fire!
The liquid fire burns you!
You die...

##### #.... #.... ####
######.... ... #...##....
+### #.########...##....
#....# #.@......#...##....
>.....#######.#..#...##....
#...............).........
#..............%#...####..
#..............#...# #..
#..............#.#.# #..
#..............#.#.####..
#.......######.#.#.#.....
#.......# #...#.#.#.##


There were no monsters in sight!

Vanquished Creatures
  Sigmund (D:3)
  A scorpion (D:3)
  A bombardier beetle (D:3)
  Jessica (D:3)
  5 adders
  A ribbon worm (D:2)
  5 endoplasms
  2 giant cockroaches
  6 goblins
  3 hobgoblins
  4 jackals (D:1)
  9 kobolds
  A quokka (D:1)
  5 ball pythons
  2 bats (D:1)
  3 frilled lizards
  7 rats
57 creatures vanquished.

Notes
Turn   | Place    | Note
-------+----------+-------------------------------------------
     0 | D:1      | qw the Spriggan Hunter began the quest for the Orb.
     0 | D:1      | Reached XP level 1. HP: 10/10 MP: 2/2
     0 | D:1      | 0 ||| qw: Version: 0.3-a-155-g5e7d8dd
     0 | D:1      | 0 ||| qw: Game counter: 417
     0 | D:1      | 0 ||| qw: Melee chars always use a shield: true
     0 | D:1      | 0 ||| qw: God list: Okawaru
     0 | D:1      | 0 ||| qw: Allow faded altars: false
     0 | D:1      | 0 ||| qw: Do Orc after clearing Dungeon:15 true
     0 | D:1      | 0 ||| qw: Do second Lair branch before Depths: true
     0 | D:1      | 0 ||| qw: Lair rune preference: random
     0 | D:1      | 0 ||| qw: Goals: Normal
     0 | D:1      | 0 ||| PLANNING D:1-11
    25 | D:1      | Reached skill level 3 in Dodging
   170 | D:1      | Reached XP level 2. HP: 14/14 MP: 3/3
   897 | D:1      | 897 ||| READING scroll labelled LAYQIUGEETH.
   897 | D:1      | 897 ||| IDENTIFYING murky white potion
   898 | D:1      | 898 ||| DROPPING scroll of butterflies.
   899 | D:1      | 899 ||| DROPPING potion of ambrosia.
   937 | D:2      | 937 ||| STAIRDANCE
   947 | D:1      | Reached XP level 3. HP: 16/18 MP: 4/4
   958 | D:2      | 958 ||| STAIRDANCE
  1094 | D:2      | HP: 4/18 [adder (2)]
  1259 | D:2      | Reached XP level 4. HP: 22/22 MP: 5/5
  1449 | D:2      | 1449 ||| READING 3 scrolls of identify.
  1449 | D:2      | 1449 ||| IDENTIFYING fuming blue potion
  1450 | D:2      | 1450 ||| READING 2 scrolls of identify.
  1450 | D:2      | 1450 ||| IDENTIFYING scroll labelled WICVEEBIXT
  1451 | D:2      | 1451 ||| READING scroll of identify.
  1451 | D:2      | 1451 ||| IDENTIFYING scroll labelled QURIYCK MIOGIUWO
  1452 | D:2      | 1452 ||| DROPPING scroll of amnesia.
  1453 | D:2      | 1453 ||| DROPPING scroll of immolation.
  1653 | D:3      | Found Juush's Book Boutique.
  1810 | D:3      | Noticed a scorpion
  1814 | D:3      | Killed a scorpion
  1815 | D:3      | Reached XP level 5. HP: 24/25 MP: 6/6
  1886 | D:3      | Noticed Sigmund
  1890 | D:3      | Killed Sigmund
  1891 | D:3      | Reached skill level 3 in Fighting
  1891 | D:3      | Reached XP level 6. HP: 32/32 MP: 7/7
  2015 | D:3      | Noticed Jessica
  2022 | D:3      | Killed Jessica
  2032 | D:3      | HP: 6/32 [burnt (4)]
  2033 | D:3      | HP: 2/32 [burnt (4)]
  2034 | D:3      | Incinerated by a bombardier beetle

Levels and vault maps discovered:
D:1:      beargit_arrival_greenhouse, layout_basic, st_stairs_12,
          minmay_misc_feat_alley, minmay_tiny_reverse_x
D:2:      layout_rooms, kennysheep_crisscross
D:3:      minmay_evil_eye, layout_basic, serial_shops,
          nicolae_shop_real_fake_doors, uniq_jessica, uniq_sigmund

Skill      XL: |  1  2  3  4  5 |
---------------+----------------+-----
Dodging        | 3 4 5 |  5.8
Ranged Weapons | 5 |  5.5
Fighting       | 3 |  3.5
Stealth        | |  1.5

Action                     |  1- 3 |  4- 6 || total
---------------------------+-------+-------++-------
   Fire: Shortbow          |    96 |    59 ||   155
    Use: Scroll            |     1 |     3 ||     4
 Armour: Robe              |    11 |     9 ||    20
  Dodge: Dodged            |    28 |    17 ||    45

Table legend:
 A = Non-vault XP
 B = Vault XP
 C = Vault XP percentage of total XP
 D = Non-vault monster count
 E = Vault monster count
 F = Vault count percentage of total count
                 A         B        C        D         E       F
            +---------+---------+-------+---------+---------+-------
      Total |     259 |     290 |  52.8 |      49 |       8 |  14.0
            +---------+---------+-------+---------+---------+-------
        D:1 |      42 |       6 |  12.5 |      19 |       3 |  13.6
        D:2 |      51 |       0 |   0.0 |      16 |       0 |   0.0
        D:3 |     166 |     284 |  63.1 |      14 |       5 |  26.3
            +---------+---------+-------+---------+---------+-------
